 Dungeon Crawl Stone Soup version 0.23.0-33-g5e6c059 (webtiles) character file.

Game seed: 0

5488 elfaar the Basher (level 10, -6/88 HPs)
             Began as a Yellow Draconian Berserker on Feb 26, 2019.
             Was a High Priest of Trog.
             Mangled by a two-headed ogre
             ... wielding a +0 giant club
              (26 damage)
             ... on level 8 of the Dungeon.
             The game lasted 01:25:13 (8308 turns).

elfaar the Basher (Yellow Draconian Berserker)      Turns: 8308, Time: 01:25:14

Health: -6/88      AC:  7    Str: 27    XL:     10   Next: 42%
Magic:  10/10      EV: 15    Int:  8    God:    Trog [*****.]
Gold:   412        SH:  0    Dex: 11    Spells: 9/9 levels left

rFire    . . .     SeeInvis .   a - +0 flail
rCold    . . .     Gourm    .   (no shield)
rNeg     . . .     Faith    .   (armour unavailable)
rPois    .         Spirit   .   (helmet restricted)
rElec    .         Reflect  .   (no cloak)
rCorr    +         Harm     .   (no gloves)
MR       .....                  (no boots)
Stlth    ++........             (no amulet)
HPRegen  0.24/turn              q - +5 ring of strength
MPRegen  0.12/turn              (no ring)

@: no status effects
A: spit acid, unfitting armour, cold-blooded, acid resistance, AC +7
a: Breathe Acid, Berserk, Trog's Hand, Brothers in Arms, Renounce Religion


You were on level 8 of the Dungeon.
You worshipped Trog.
Trog was extremely pleased with you.
You were not hungry.

You visited 2 branches of the dungeon, and saw 9 of its levels.
You also visited: Sewer.

You collected 440 gold pieces.
You spent 28 gold pieces at shops.

Inventory:

Hand Weapons
 a - a +0 flail (weapon)
 f - a +0 blowgun
 s - a +0 hunting sling
 x - a +0 mace
Missiles
 g - 69 poisoned needles
 h - 102 stones (quivered)
 j - 45 sling bullets
 m - 34 bolts
 v - 8 needles of sleeping
 L - 5 tomahawks
Armour
 I - the +0 helmet "Hiovasil" {rC- Dex+7 SInv, unknown}
   (You found it on level 5 of the Dungeon)

   It affects your dexterity (+7).
   It makes you vulnerable to cold.
   It lets you see invisible.
Jewellery
 q - a +5 ring of strength (left hand)
Wands
 i - a wand of clouds (4)
 r - a wand of flame (15)
 F - a wand of enslavement (6)
Scrolls
 e - a scroll of enchant weapon {unknown}
 u - a scroll of amnesia {unknown}
 y - 6 scrolls of teleportation
 z - 2 scrolls of fear
 C - 2 scrolls of fog
 D - a scroll of blinking
 G - 4 scrolls of remove curse
 H - a scroll of immolation {unknown}
 J - a scroll of magic mapping {unknown}
 N - a scroll of random uselessness {unknown}
Potions
 c - a potion of haste
 d - a potion of curing
 k - a potion of invisibility
 l - a potion of lignification
 n - 4 potions of heal wounds
 o - a potion of agility {unknown}
 p - a potion of ambrosia {unknown}
 t - a potion of resistance {unknown}
 w - a potion of flight {unknown}
 A - 2 potions of magic
 B - 4 potions of might
 E - 3 potions of brilliance {unknown}
 K - a potion of cancellation {unknown}
 M - 2 potions of degeneration {unknown}
Comestibles
 b - 7 rations


   Skills:
 + Level 7.9 Fighting
 + Level 10.7 Maces & Flails
 + Level 3.4 Throwing
 + Level 7.5 Dodging
 + Level 4.0 Stealth
 + Level 0.5 Evocations


You had 9 spell levels left.
You didn't know any spells.
Your spell library was empty.

Dungeon Overview and Level Annotations

Branches:
Dungeon (8/15)             Temple (1/1) D:5
   Lair: D:8-11

Altars:
Ashenzari
Cheibriados
Dithmenos
Elyvilon
Fedhas
Gozag
Hepliaklqana
Kikubaaqudgha
Makhleb
Nemelex Xobeh
Okawaru
Qazlal
Ru
Sif Muna
Trog
Uskayaw
Vehumet
Wu Jian
Xom
Yredelemnul
Zin
The Shining One

Shops:
D:4 *   D:8 =

Annotations:
D:5 3 runed translucent doors, Uhlv's ghost, novice FoAr


Innate Abilities, Weirdness & Mutations

You can spit globs of acid.
Your golden yellow scales are hard. (AC +7)
You cannot fit into any form of body armour.
You are cold-blooded and may be slowed by cold attacks.
You are resistant to acid. (rCorr)


Message History

You closely miss the two-headed ogre.
The two-headed ogre is moderately wounded.
The two-headed ogre hits you with a +0 giant club!
The two-headed ogre hits you with a +0 giant spiked club.
You hit the two-headed ogre.
You tail-slap the two-headed ogre, but do no damage.
The two-headed ogre is heavily wounded.
The two-headed ogre hits you with a +0 giant club!
The two-headed ogre hits you with a +0 giant spiked club!
You completely miss the two-headed ogre.
The two-headed ogre is heavily wounded.
You hit the two-headed ogre but do no damage.
You tail-slap the two-headed ogre.
The two-headed ogre is heavily wounded.
The two-headed ogre hits you with a +0 giant club!!
* * * LOW HITPOINT WARNING * * *
The two-headed ogre barely misses you. The two-headed ogre misses you.
The two-headed ogre hits you with a +0 giant spiked club!!
You die...

################
#..............##
#######.###..####.###.#
#.....@...#..# #.## ##.
.....###O#[...# #. #.
##. #.####.# #.## ##.
#......####.###.#
####...........##
###.###.###.#.##
#...##...##.....
#...#.....#.#.#. #.
#...........#.#.


You could see a two-headed ogre.

Vanquished Creatures
  A kobold demonologist (D:4)
  Grinder (D:3)
  A hippogriff (D:7)
  Prince Ribbit (D:6)
  Sigmund (D:3)
  6 yaks (D:6)
  A wraith (D:5)
  A water moccasin (D:7)
  2 sky beasts
  2 orc warriors
  2 ice beasts (D:8)
  An ogre (D:4)
  4 centaurs
  A big kobold (D:8)
  5 bullfrogs
  5 killer bees (D:8)
  5 wights (D:7)
  3 howler monkeys (D:5)
  A bullfrog zombie (D:8)
  4 crimson imps
  3 hounds
  A bullfrog skeleton (D:5)
  A centaur skeleton (D:4)
  A jelly (D:5)
  6 orc priests
  7 orc wizards
  3 iguanas
  3 worker ants
  A hound skeleton (D:4)
  A worker ant zombie (D:6)
  A howler monkey skeleton (D:4)
  14 adders
  4 river rats (Sewer)
  A shadow imp (D:7)
  4 oozes
  3 adder skeletons
  3 worms
  A dart slug (D:1)
  6 leopard geckos
  27 orcs
  20 ball pythons
  2 bats
  9 giant cockroaches
  7 hobgoblins
  6 jackals
  A quokka (D:3)
  5 frilled lizards
  6 goblins
  A jackal skeleton (D:4)
  16 kobolds
  2 quokka skeletons (D:5)
  30 rats
244 creatures vanquished.

Vanquished Creatures (collateral kills)
  A two-headed ogre (D:7)
  A crimson imp (D:7)
2 creatures vanquished.

Grand Total: 246 creatures vanquished

Notes
Turn   | Place    | Note
-------+----------+-------------------------------------------
     0 | D:1      | elfaar the Draconian Berserker began the quest for the Orb.
     0 | D:1      | Reached XP level 1. HP: 19/19 MP: 1/1
   120 | D:1      | Reached XP level 2. HP: 26/26 MP: 2/2
   749 | D:1      | Reached XP level 3. HP: 33/33 MP: 3/3
   751 | D:1      | Reached ** piety under Trog
  1251 | D:3      | Reached skill level 4 in Maces & Flails
  1302 | D:3      | Reached XP level 4. HP: 40/40 MP: 4/4
  1566 | D:3      | Reached XP level 5. HP: 17/46 MP: 5/5
  1764 | D:3      | Noticed Grinder
  1768 | D:3      | Paralysed by Grinder for 2 turns
  1773 | D:3      | Paralysed by Grinder for 3 turns
  1779 | D:3      | Killed Grinder
  1779 | D:3      | Reached skill level 5 in Maces & Flails
  1779 | D:3      | Reached XP level 6. HP: 38/53 MP: 6/6
  1923 | D:3      | Noticed Sigmund
  1932 | D:3      | Killed Sigmund
  1932 | D:3      | Reached skill level 6 in Maces & Flails
  1973 | D:3      | Your scales start taking on a golden yellow colour.
  1973 | D:3      | Reached XP level 7. HP: 43/60 MP: 7/7
  1973 | D:3      | Gained mutation: You are resistant to acid. (rCorr) [Yellow
                  | Draconian growth]
  2083 | D:2      | Reached *** piety under Trog
  2283 | D:4      | Found a glowing drain.
  2316 | Sewer    | Entered a sewer
  2421 | Sewer    | Reached skill level 5 in Fighting
  2555 | Sewer    | Reached skill level 1 in Stealth
  2599 | Sewer    | Reached **** piety under Trog
  2732 | Sewer    | Reached skill level 1 in Throwing
  2737 | Sewer    | Reached skill level 5 in Dodging
  3142 | D:4      | Noticed a kobold demonologist
  3146 | D:4      | Reached XP level 8. HP: 70/70 MP: 8/8
  3149 | D:4      | Noticed an ice devil
  3149 | D:4      | Killed a kobold demonologist
  3291 | D:4      | Found a snail-covered altar of Cheibriados.
  3417 | D:4      | Reached skill level 7 in Maces & Flails
  3444 | D:4      | Found a shadowy altar of Dithmenos.
  3471 | D:4      | Found Muipt's General Store.
  3474 | D:4      | Bought a scroll of fog for 28 gold pieces
  3588 | D:4      | Found a glowing silver altar of Zin.
  3634 | D:5      | Entered Level 5 of the Dungeon
  3719 | D:5      | Noticed Uhlv's ghost (novice FoAr)
  3743 | D:5      | Found a staircase to the Ecumenical Temple.
  3753 | Temple   | Entered the Ecumenical Temple
  4069 | D:5      | Found a runed translucent gate.
  4069 | D:5      | Found a runed translucent gate.
  4069 | D:5      | Found a runed translucent gate.
  4130 | D:5      | Reached skill level 8 in Maces & Flails
  4196 | D:5      | Got a bloodstained helmet
  4354 | D:5      | Reached XP level 9. HP: 72/78 MP: 9/9
  4926 | D:6      | Reached ***** piety under Trog
  4938 | D:6      | HP: 2/78 [orc warrior/+0 glaive (10)]
  5294 | D:6      | Found an ornate altar of the Wu Jian Council.
  5486 | D:6      | Found a deep blue altar of Sif Muna.
  5571 | D:6      | Noticed Prince Ribbit
  5578 | D:6      | Killed Prince Ribbit
  5578 | D:6      | Reached skill level 9 in Maces & Flails
  6566 | D:7      | HP: 2/80 [orc warrior/+0 trident (13)]
  6593 | D:7      | HP: 3/80 [orc warrior/+0 trident (5)]
  6877 | D:7      | Reached skill level 10 in Maces & Flails
  6877 | D:7      | Reached XP level 10. HP: 83/88 MP: 10/10
  7552 | D:7      | Noticed a two-headed ogre
  7566 | D:7      | Killed a two-headed ogre
  8226 | D:8      | Found Zeabroa's Jewellery Emporium.
  8301 | D:8      | Noticed a two-headed ogre
  8308 | D:8      | Mangled by a two-headed ogre

Skill      XL: |  1  2  3  4  5  6  7  8  9 10 |
---------------+-------------------------------+-----
Dodging        | 3 4 5 6 7 |  7.5
Maces & Flails | 4 5 6 8 10 | 10.7
Fighting       | 4 5 6 7 |  7.9
Stealth        | 1 3 4 |  4.0
Throwing       | 1 2 3 |  3.4
Evocations     | |  0.5

Action                   |  1- 3 |  4- 6 |  7- 9 | 10-12 || total
-------------------------+-------+-------+-------+-------++-------
Melee: Mace              |    89 |    93 |    29 |       ||   211
       Tailslap          |     9 |    13 |    64 |    20 ||   106
       Flail             |       |       |   475 |   111 ||   586
 Fire: Blowgun           |       |     3 |    18 |       ||    21
Throw: Stone             |     4 |     2 |    38 |       ||    44
Invok: Berserk           |    11 |     4 |     8 |     2 ||    25
       Trog's Hand       |       |       |       |     1 ||     1
       Brothers in Arms  |       |       |       |     1 ||     1
 Abil: Breathe Acid      |       |       |    15 |     2 ||    17
Evoke: Wand              |       |       |     1 |       ||     1
  Use: Scroll            |     4 |     2 |     7 |     1 ||    14
       Potion            |       |     1 |     2 |     2 ||     5
 Stab: Sleeping          |       |       |     4 |     2 ||     6
       Distracted        |       |       |       |     1 ||     1
  Eat: Chunk             |    10 |     4 |    18 |     4 ||    36
       Ration            |       |     1 |     2 |     2 ||     5
Armor: Skin              |    33 |    22 |   116 |    27 ||   198
Dodge: Dodged            |    65 |    65 |   398 |    89 ||   617
